AoeStats
← The Polished Pole

Arena

510919567Analyzed
1v1 RM · 4h ago on Oct 3, 2026· 24m 24s· 2 players
Game mode
Random Map
Map size
Tiny (2 player)
Population
200
Speed
Normal
Resources
Standard
Victory
Conquest
Starting age
Dark Age
Ending age
Imperial Age
RankedLock teamsTeams togetherTeam positionsShared explorationLock speedFull tech treeHidden civsTurbo modeCheats
Victory
Defeat
🇺🇸 Poles · United States
495
+16
🇪🇨 Ethiopians · Ecuador
500
-16
The Polished Pole
0:36 Loom
3:40 Loom
4:29 Loom
11:22 Feudal Age
11:59 Horse Collar
12:06 Double-Bit Axe
13:14 Wheelbarrow
18:44 Castle Age
17:24 Town Watch
18:03 Arson
18:52 Forging
18:49 Scale Barding Armor
19:44 Heavy Plow
19:57 Bow Saw
20:09 Hand Cart
21:56 Iron Casting
24:42 Murder Holes
25:21 Chain Barding Armor
Eönwë
0:29 Loom
13:14 Feudal Age
17:44 Horse Collar
20:19 Double-Bit Axe
20:28 Gold Mining
20:33 Stone Mining
21:59 Wheelbarrow
Connection lost

Rejoining the realm…

Still unreachable

The connection could not be restored.

Session expired

The server has moved on; the page needs a fresh start.